 Dungeon Crawl Stone Soup version 0.18-a0-1126-ga2d7f46 (webtiles) character file.

103 M4edhros the Sneak (level 4, -1/28 HPs)
             Began as an Octopode Artificer on Jan 21, 2016.
             Was an Initiate of Fedhas.
             Slain by an orc
             ... wielding a +0 hand axe
              (6 damage)
             ... on level 3 of the Dungeon.
             The game lasted 00:01:56 (1211 turns).

M4edhros the Sneak (Octopode Artificer)             Turns: 1211, Time: 00:01:56

Health: -1/28      AC:  1    Str: 10    XL:     4   Next: 79%
Magic:  7/7        EV: 12    Int: 15    God:    Fedhas [......]
Gold:   53         SH:  0    Dex: 12    Spells: 0 memorised, 3 levels left

rFire  . . .     SeeInvis .     a - +0 short sword
rCold  . . .     Gourm    .     (no shield)
rNeg   . . .     Faith    .     (helmet restricted)
rPois  .         Spirit   .     (no amulet)
rElec  .         Dismiss  .     e - ring of stealth
rCorr  .         Reflect  .     (no ring)
SustAt .         Harm     .     (no ring)
MR     .....                    (no ring)
Stlth  +++++.....               (no ring)
                                (no ring)
                                (no ring)
                                (no ring)

@: not resistant to hostile enchantments, quite stealthy
A: almost no armour, amphibious, 8 rings, constrict 8, camouflage 1, gelatinous
body 1
a: Renounce Religion


You were on level 3 of the Dungeon.
You worshipped Fedhas.
Fedhas was noncommittal.
You were not hungry.

You visited 2 branches of the dungeon, and saw 5 of its levels.

You collected 53 gold pieces.

Inventory:

Hand Weapons
 a - a +0 short sword (weapon)
Missiles
 k - 85 stones (quivered)
Jewellery
 e - a ring of stealth (left tentacle)
Wands
 b - a wand of flame (11/48)
 c - a wand of enslavement (14/24)
 d - a wand of random effects (15/48)
Scrolls
 h - a scroll of random uselessness {unknown}
 n - 2 scrolls of enchant weapon {unknown}
 o - a scroll of enchant armour {unknown}
 p - a scroll of remove curse {unknown}
Potions
 g - 2 potions of lignification {unknown}
 i - 2 potions of might {unknown}
 j - a potion of curing {unknown}
 l - a potion of heal wounds {unknown}
 m - a potion of brilliance {unknown}
Comestibles
 f - 3 bread rations
 q - a beef jerky
 r - a chunk of flesh


   Skills:
 - Level 1.0 Fighting
 - Level 1.0 Short Blades
 + Level 2.6 Dodging
 * Level 4.9 Stealth
 + Level 4.1 Evocations


You had 3 spell levels left.
You didn't know any spells.

Dungeon Overview and Level Annotations

Branches:
Dungeon (4/15)             Temple (1/1) D:4

Altars:
Cheibriados
Elyvilon
Fedhas
Makhleb
Okawaru
Qazlal
Sif Muna
Xom
The Shining One

Annotations:
D:4 lysy's ghost, amateur DEFE


Innate Abilities, Weirdness & Mutations

You cannot wear most types of armour.
You are amphibious.
You can wear up to eight rings at the same time.
You can use your tentacles to constrict eight enemies at once.
Your skin changes colour to match your surroundings (Stealth).
Your rubbery body absorbs attacks (AC +1).


Message History

Lysy's ghost closely misses you.
There is an escape hatch in the ceiling here.
The orc barely misses you. Lysy's ghost hits you.
You are electrocuted!
A mysterious force pulls you upwards. The hatch slams shut behind you.
Evoke which item? (* to show all) (? for menu, Esc to quit)
Zapping:
b - a wand of flame (12/48)
Press: ? - help, Shift-Dir - straight line, f - orc
Aim: an orc, wielding a hand axe and wearing a leather armour The puff of flame misses the orc.
This wand has 11 charges left.
The orc hits you with a hand axe.
* * * LOW HITPOINT WARNING * * *
Evoke which item? (* to show all) (? for menu, Esc to quit)
Zapping:
c - a wand of enslavement (15/24)
Press: ? - help, Shift-Dir - straight line, f/p - orc
Aim: an orc, wielding a hand axe and wearing a leather armour (chance to defeat MR: 85%)
The orc struggles to resist.
This wand has 14 charges left.
The orc hits you with a hand axe.
You die... "It's all fun and games until someone loses an eye."
Fedhas appreciates your contribution to the ecosystem.

########+###
#####..........#
#..............#
#.#.#.#.#..$...#
#..............#
#.#o#.#.#......#
#.@............####
#..#.#.#.#........>.
#..........##.####.#
#..#.#.#.#.##.# #.#
#..........##.# #.#
#.#...#######.# #.#
#.###.#######.####.#
#. o............#.#
###...........


You could see an orc.

Vanquished Creatures
  Terence (D:2)
  6 adders
  2 giant geckos
  An orc (D:3)
  3 ball pythons
  A giant cockroach (D:3)
  2 goblins (D:1)
  3 hobgoblins
  3 bats
  A giant newt (D:3)
  2 kobolds
  A rat (D:3)
26 creatures vanquished.

Notes
Turn   | Place    | Note
--------------------------------------------------------------
     0 | D:1      | M4edhros the Octopode Artificer began the quest for the Orb.
     0 | D:1      | Reached XP level 1. HP: 13/13 MP: 3/3
   252 | D:1      | Reached XP level 2. HP: 15/18 MP: 4/4
   487 | D:2      | Reached XP level 3. HP: 8/23 MP: 5/5
   640 | D:2      | Found a white marble altar of Elyvilon.
   707 | D:2      | Noticed Terence
   720 | D:2      | Killed Terence
   720 | D:2      | Reached skill level 4 in Stealth
   720 | D:2      | Reached XP level 4. HP: 17/28 MP: 6/6
   896 | D:3      | Found a glowing golden altar of the Shining One.
  1140 | D:4      | Noticed lysy's ghost (amateur DEFE)
  1153 | D:4      | Found a staircase to the Ecumenical Temple.
  1162 | Temple   | Entered the Ecumenical Temple
  1175 | Temple   | Became a worshipper of Xom of Chaos
  1180 | Temple   | Fell from the grace of Xom
  1180 | Temple   | Became a worshipper of Fedhas Madash
  1211 | D:3      | Slain by an orc

Vault maps used:
D:1:      dpeg_arrival_water_temple_mockup
D:2:      nicolae_overflow_crystal_walls, first_bread, uniq_terence
D:3:      serial_glass, glass_columns_a, glass_columns_c, lemuel_tele_altar,
          uniq_jessica
D:4:      vehumet_crystals, zin_academy, minmay_temple_entry_statues_fountains
Temple:   eino_wide_crystal_templ_15

Action                   |  1- 3 |  4- 6 || total
-------------------------+-------+-------++-------
Melee: Short sword       |    34 |    20 ||    54
Evoke: Wand              |     3 |     2 ||     5
 Stab: Sleeping          |     8 |     6 ||    14
  Eat: Chunk             |       |     1 ||     1
